[Event "Titled Tuesday Blitz March 14 Early 2023"]
[White "Barria Santos, Jose Guilherme"]
[Black "Albornoz Cabrera, Carlos Daniel"]
[WhiteFideId "1939300"]
[BlackFideId "3518736"]
[WhiteElo "2301"]
[BlackElo "2501"]
[Result "0-1"]
[Round "01"]
[TimeControl "180+2"]
[Date "2023.03.14"]
[WhiteClock "0:00:27"]
[BlackClock "0:01:56"]

1. e4 c5 2. Nf3 Nc6 3. d4 cxd4 4. Nxd4 Nf6 5. Nc3 e5 6. Ndb5 d6 7. Bg5 a6 8. Na3 b5 9. Nd5 Be7 10. Bxf6 Bxf6 11. c3 Bg5 12. Nc2 Rb8 13. Nce3 O-O 14. Bd3 Ne7 15. h4 Bh6 16. g4 Bxe3 17. Nxe3 Bb7 18. Qf3 d5 19. O-O-O d4 20. Nf5 dxc3 21. bxc3 Qc7 22. Nxe7+ Qxe7 23. Bc2 Rbc8 24. g5 Qa3+ 25. Kb1 Rxc3 26. Rd3 Qb4+ 27. Kc1 Rxc2+ 28. Kxc2 Bxe4 0-1


[Site "https://www.chess.com"]

[Event "Titled Tuesday Blitz March 14 Early 2023"]
[White "Molina, Roberto Junio Brito"]
[Black "Matutururu, Maxman"]
[WhiteFideId "2109450"]
[BlackFideId "11004487"]
[WhiteElo "2376"]
[BlackElo "2444"]
[Result "1-0"]
[Round "01"]
[TimeControl "180+2"]
[Date "2023.03.14"]
[WhiteClock "0:01:00"]
[BlackClock "0:00:31"]

1. d4 Nf6 2. Nf3 d5 3. e3 Bf5 4. Bd3 e6 5. Bxf5 exf5 6. Qd3 g6 7. Qb5+ c6 8. Qxb7 Bd6 9. O-O O-O 10. c4 dxc4 11. Nbd2 Nbd7 12. Qxc6 Nb6 13. Nxc4 Bxh2+ 14. Nxh2 Rc8 15. Qb7 Rxc4 16. Qxa7 Nfd5 17. b3 Rc2 18. Ba3 Re8 19. Rfc1 Re2 20. Nf3 f4 21. e4 R2xe4 22. Bc5 Qf6 23. Bxb6 Nxb6 24. Qb7 R4e7 25. Qc6 Re6 26. Qb5 Rd8 27. a4 g5 28. Qxg5+ Qxg5 29. Nxg5 Rg6 30. Nf3 1-0


[Site "https://www.chess.com"]

[Event "Titled Tuesday Blitz March 14 Early 2023"]
[White "Silva, Caio Henrique Angelico"]
[Black "Real_OceanStorm"]
[WhiteFideId "22777210"]
[WhiteElo "2096"]
[BlackElo "2806"]
[Result "0-1"]
[Round "01"]
[TimeControl "180+2"]
[Date "2023.03.14"]
[WhiteClock "0:00:14"]
[BlackClock "0:00:13"]

1. Nf3 d5 2. g3 Nf6 3. Bg2 Bf5 4. O-O e6 5. d4 Be7 6. c4 c6 7. Nc3 O-O 8. Nh4 Be4 9. f3 Bg6 10. Nxg6 hxg6 11. Qb3 b6 12. cxd5 cxd5 13. Bd2 Nc6 14. e3 Na5 15. Qd1 Nc4 16. Rb1 Rc8 17. Re1 Qd7 18. Bf1 b5 19. a3 a5 20. a4 bxa4 21. Bc1 a3 22. bxa3 Nxa3 23. Bxa3 Bxa3 24. Nb5 Bb4 25. e4 Bxe1 26. Qxe1 dxe4 27. fxe4 Rb8 28. e5 Nd5 29. Qxa5 Ne3 30. Be2 Qc6 31. Kf2 Ng4+ 32. Kg1 Ne3 33. Kf2 Qe4 34. Rb3 Ng4+ 35. Bxg4 Qc2+ 36. Be2 Qxb3 37. Nd6 Qb2 38. Qc5 f6 39. Qc4 fxe5+ 40. Kg2 Kh7 41. dxe5 Qxe5 42. Ne4 Rb2 43. Kh3 Rfb8 44. Bg4 R8b4 45. Ng5+ Qxg5 46. Qxe6 Qh6+ 0-1


[Site "https://www.chess.com"]

[Event "Titled Tuesday Blitz March 14 Early 2023"]
[White "Hambleton, Aman"]
[Black "Jiang, Andrew"]
[WhiteFideId "2606577"]
[BlackFideId "30953510"]
[WhiteElo "2511"]
[BlackElo "1883"]
[Result "1-0"]
[Round "01"]
[TimeControl "180+2"]
[Date "2023.03.14"]
[WhiteClock "0:00:02"]
[BlackClock "0:01:31"]

1. d4 d5 2. Bf4 Nf6 3. e3 e6 4. Nd2 c5 5. c3 Bd6 6. Ngf3 O-O 7. Bd3 Bxf4 8. exf4 Qb6 9. Rb1 Nc6 10. dxc5 Qxc5 11. O-O Rd8 12. Nb3 Qd6 13. g3 b6 14. Re1 Bb7 15. Nbd4 Ne4 16. Qe2 Ne7 17. Rbd1 Nc5 18. Bxh7+ Kxh7 19. Ng5+ Kg8 20. Qh5 Ng6 21. Qh7+ Kf8 22. h4 Ke7 23. Qxg7 Rf8 24. Nf5+ Kd7 25. Nxd6 Kxd6 26. Nxf7+ Kc6 27. Qxg6 a5 28. Rxe6+ Nxe6 29. Qxe6+ Kb5 30. Nd6+ Ka6 31. Qe2+ Ka7 32. Nb5+ Ka6 33. Nc7+ Ka7 34. Nxa8 Bxa8 35. Qe7+ Bb7 36. Qxf8 Ka6 37. Qd8 Ka7 38. Rxd5 Ka6 39. Rd6 Kb5 40. Qxb6+ Kc4 41. Qxa5 Bd5 42. Qxd5# 1-0


[Site "https://www.chess.com"]

[Event "Titled Tuesday Blitz March 14 Early 2023"]
[White "Rosenberg, Evan S"]
[Black "Urazayev, Arystanbek"]
[WhiteFideId "2019299"]
[BlackFideId "13709810"]
[WhiteElo "2429"]
[BlackElo "2479"]
[Result "0-1"]
[Round "01"]
[TimeControl "180+2"]
[Date "2023.03.14"]
[WhiteClock "0:00:01"]
[BlackClock "0:00:29"]

1. d4 Nf6 2. Nf3 g6 3. Nc3 Bg7 4. e4 d6 5. Be2 O-O 6. O-O Nc6 7. d5 Nb8 8. h3 c6 9. a4 a5 10. Bf4 Na6 11. Qd2 Nb4 12. Rfe1 cxd5 13. exd5 Bf5 14. Nd4 Ne4 15. Nxe4 Bxe4 16. c3 Nxd5 17. Bh6 Nf6 18. Bxg7 Kxg7 19. Bc4 Qd7 20. Re2 Bc6 21. Rae1 e5 22. Nb5 d5 23. Ba2 e4 24. Qd4 Bxb5 25. axb5 Qxb5 26. g4 h6 27. h4 Qd7 28. f3 exf3 29. Rf2 Qxg4+ 30. Qxg4 Nxg4 31. Rxf3 Nf6 32. Re7 b6 33. h5 g5 34. Rb7 Rab8 35. Ra7 Rfd8 36. Re3 Rd6 37. Ree7 Rf8 38. b4 axb4 39. cxb4 Nxh5 40. b5 Nf4 41. Bb3 Ng6 42. Rec7 Ne5 43. Kg2 d4 0-1


[Site "https://www.chess.com"]

[Event "Titled Tuesday Blitz March 14 Early 2023"]
[White "Santos Ruiz, Miguel"]
[Black "Peatman, Carter"]
[WhiteFideId "22291482"]
[BlackFideId "2096480"]
[WhiteElo "2504"]
[BlackElo "2003"]
[Result "1-0"]
[Round "01"]
[TimeControl "180+2"]
[Date "2023.03.14"]
[WhiteClock "0:00:05"]
[BlackClock "0:00:03"]

1. e4 e5 2. Nf3 Nf6 3. Nxe5 d6 4. Nf3 Nxe4 5. Nc3 Nxc3 6. dxc3 Be7 7. Bf4 Be6 8. Nd4 Qd7 9. Nxe6 fxe6 10. Bd3 g6 11. O-O Nc6 12. a4 e5 13. Be3 d5 14. c4 O-O-O 15. cxd5 Qxd5 16. Qg4+ Kb8 17. Rfd1 h5 18. Qe4 Qxe4 19. Bxe4 g5 20. c3 Bf6 21. g3 Ne7 22. Kg2 c6 23. a5 Nd5 24. Bc5 a6 25. c4 Nc7 26. Bb6 Rde8 27. Rd7 Ne6 28. Ra3 Re7 29. Rxe7 Bxe7 30. Rf3 Rf8 31. Rxf8+ Bxf8 32. Bf5 Nc7 33. h4 gxh4 34. gxh4 Be7 35. Kh3 Bf6 36. Bg6 Ne6 37. Bxh5 Nf4+ 38. Kg4 Nd3 39. Bg6 Nxb2 40. c5 Nc4 41. h5 Nxb6 42. cxb6 c5 43. Bd3 Kc8 44. Kf5 Bh8 45. h6 Kd7 46. Be4 c4 47. Bxb7 c3 48. Be4 Kd6 49. Kg6 Ke7 50. b7 1-0


[Site "https://www.chess.com"]

[Event "Titled Tuesday Blitz March 14 Early 2023"]
[White "Begunov, Konstantin"]
[Black "Remizov, Yaroslav"]
[WhiteFideId "4118510"]
[BlackFideId "34134015"]
[WhiteElo "2079"]
[BlackElo "2408"]
[Result "1-0"]
[Round "01"]
[TimeControl "180+2"]
[Date "2023.03.14"]
[WhiteClock "0:00:11"]
[BlackClock "0:00:02"]

1. d4 Nf6 2. c4 c5 3. Nf3 cxd4 4. Nxd4 e5 5. Nb5 d6 6. Bg5 Be6 7. Bxf6 gxf6 8. e3 Nc6 9. N1c3 a6 10. Na3 f5 11. g3 Be7 12. Bg2 O-O 13. O-O Kh8 14. Nd5 Rc8 15. Rc1 Bg5 16. Nb1 Bh6 17. Qh5 Qg5 18. Qxg5 Bxg5 19. b3 Bxd5 20. Bxd5 f4 21. exf4 exf4 22. Rcd1 Rc7 23. Nc3 Ne5 24. Ne4 Be7 25. gxf4 Nf3+ 26. Kh1 Nh4 27. Ng5 Bxg5 28. fxg5 Re7 29. Rfe1 Rfe8 30. Re3 Rxe3 31. fxe3 Rxe3 32. Bxb7 a5 33. Kg1 Re2 34. Rxd6 Rxa2 35. c5 Rc2 36. Rd8+ Kg7 37. Rc8 Rd2 38. Be4 Re2 39. Bd5 Rd2 40. Be4 Re2 41. Bd5 Re5 42. Rd8 Re2 43. c6 Rc2 44. Rd7 Nf5 45. c7 Ne3 46. Bb7 Rc1+ 47. Kf2 Ng4+ 48. Kg3 Ne5 49. c8=Q Rf1 50. Rd5 Ng6 51. Rd8 1-0


[Site "https://www.chess.com"]

[Event "Titled Tuesday Blitz March 14 Early 2023"]
[White "Galchenko, Matvey"]
[Black "Pourkashiyan, Atousa"]
[WhiteFideId "24175480"]
[BlackFideId "12502014"]
[WhiteElo "2404"]
[BlackElo "2228"]
[Result "1-0"]
[Round "01"]
[TimeControl "180+2"]
[Date "2023.03.14"]
[WhiteClock "0:01:02"]
[BlackClock "0:00:03"]

1. f4 d5 2. Nf3 Nf6 3. g3 c5 4. Bg2 Nc6 5. O-O Bg4 6. d3 e6 7. Nc3 d4 8. Ne4 Be7 9. Nxf6+ Bxf6 10. e4 dxe3 11. c3 Qd6 12. Bxe3 Rd8 13. Qa4 O-O 14. Rad1 b6 15. Rfe1 h6 16. Rd2 Rc8 17. Ne5 Nxe5 18. fxe5 Bxe5 19. Qxg4 Kh8 20. Qh5 f5 21. d4 cxd4 22. cxd4 Bf6 23. Bf4 Bxd4+ 24. Kh1 Qb4 25. a3 Qc5 26. Rxe6 Bf6 27. Rd7 Qc4 28. Bxh6 1-0


[Site "https://www.chess.com"]

[Event "Titled Tuesday Blitz March 14 Early 2023"]
[White "Staudenhocker43"]
[Black "Narayanan, Srinath"]
[BlackFideId "5018420"]
[WhiteElo "2411"]
[BlackElo "2438"]
[Result "0-1"]
[Round "01"]
[TimeControl "180+2"]
[Date "2023.03.14"]
[WhiteClock "0:00:52"]
[BlackClock "0:00:34"]

1. d4 Nf6 2. c4 c5 3. d5 g6 4. Nc3 Bg7 5. e4 O-O 6. Nge2 e6 7. Ng3 exd5 8. cxd5 Re8 9. Be2 h5 10. f3 h4 11. Nf1 h3 12. g4 a6 13. a4 d6 14. Ng3 Nbd7 15. O-O Ne5 16. g5 Nh7 17. f4 Nd7 18. Bg4 Nb6 19. Bxc8 Qxc8 20. f5 Bd4+ 21. Kh1 Nc4 22. Qg4 Ne3 23. Bxe3 Bxe3 24. Qxh3 Bxg5 25. Kg2 Bf6 26. Qg4 Be5 27. h3 Kg7 28. Nh5+ Kh8 29. fxg6 fxg6 30. Nf4 Qxg4+ 31. hxg4 Bxc3 32. bxc3 Rxe4 33. Nxg6+ Kg7 34. Nf4 Ng5 35. Rae1 Rae8 36. Ne6+ Kg6 37. Nf8+ Rxf8 38. Rxf8 Rxe1 39. Rb8 Rb1 40. Rd8 Nf7 41. Rd7 Rb3 42. c4 Rb4 43. a5 Rxc4 44. Rxb7 Rxg4+ 45. Kf3 Ra4 0-1


[Site "https://www.chess.com"]

[Event "Titled Tuesday Blitz March 14 Early 2023"]
[White "Postny, Evgeny"]
[Black "Hoffmann, Asa"]
[WhiteFideId "2804344"]
[BlackFideId "2001470"]
[WhiteElo "2509"]
[BlackElo "2117"]
[Result "1-0"]
[Round "01"]
[TimeControl "180+2"]
[Date "2023.03.14"]
[WhiteClock "0:01:47"]
[BlackClock "0:01:12"]

1. e4 d6 2. d4 Nf6 3. Nc3 c6 4. Be3 Ng4 5. Bd2 e5 6. Nf3 Nd7 7. h3 Ngf6 8. Be3 Be7 9. Bc4 b5 10. Bd3 a6 11. O-O Bb7 12. Ne2 c5 13. dxe5 dxe5 14. c4 bxc4 15. Bxc4 Nxe4 16. Bxf7+ Kxf7 17. Qb3+ Kf8 18. Qxb7 Nd6 19. Qd5 Nf7 20. Rfd1 Nf6 21. Qc4 Qc7 22. Rac1 Rc8 23. Qxa6 c4 24. b3 e4 25. Rxc4 Qxc4 26. bxc4 1-0


[Site "https://www.chess.com"]

[Event "Titled Tuesday Blitz March 14 Early 2023"]
[White "Bochnicka, Vladimir"]
[Black "Lobanov, Sergei"]
[WhiteFideId "14943450"]
[BlackFideId "24183750"]
[WhiteElo "2094"]
[BlackElo "2489"]
[Result "0-1"]
[Round "01"]
[TimeControl "180+2"]
[Date "2023.03.14"]
[WhiteClock "0:00:05"]
[BlackClock "0:00:15"]

1. e4 e5 2. Nf3 Nc6 3. Bc4 Nf6 4. d3 Be7 5. O-O O-O 6. Re1 d6 7. a4 Be6 8. Bxe6 fxe6 9. c3 Qd7 10. Na3 Kh8 11. b4 a6 12. h3 Nd8 13. Be3 Nf7 14. Qb3 d5 15. Rad1 c6 16. a5 Bd6 17. Bc1 Qe7 18. Nc2 Rad8 19. c4 Rg8 20. Ne3 Bb8 21. b5 cxb5 22. cxb5 Qc5 23. bxa6 bxa6 24. Bb2 Qxa5 25. Ra1 Qb5 26. Qxb5 axb5 27. exd5 exd5 28. Nf5 d4 29. Ra6 Nd5 30. Re6 Rge8 31. Rxe8+ Rxe8 32. N3xd4 b4 33. Nc6 Bc7 34. Ne3 Nf4 35. Nxb4 Ba5 36. Bc3 Bxb4 37. Bxb4 Nxd3 38. Rb1 Rb8 39. Nd5 Rb5 40. Ra1 Rxd5 41. Ra8+ Rd8 42. Ra5 Nxb4 43. Rb5 Nd3 44. Rb7 Kg8 45. Re7 Nf4 46. g3 Nxh3+ 47. Kg2 Nhg5 48. Ra7 h5 0-1


[Site "https://www.chess.com"]

[Event "Titled Tuesday Blitz March 14 Early 2023"]
[White "Smirnov, Pavel"]
[Black "aidenzhouu"]
[WhiteFideId "4123425"]
[WhiteElo "2519"]
[BlackElo "2405"]
[Result "1-0"]
[Round "01"]
[TimeControl "180+2"]
[Date "2023.03.14"]
[WhiteClock "0:01:20"]
[BlackClock "0:00:19"]

1. d4 Nf6 2. c4 g6 3. g3 Bg7 4. Nf3 O-O 5. Bg2 d6 6. O-O Nc6 7. Nc3 e5 8. dxe5 dxe5 9. Bg5 Be6 10. Nd5 Bxd5 11. Bxf6 Bxf6 12. cxd5 Nd4 13. Nd2 Nf5 14. Rc1 Nd6 15. Qc2 Rc8 16. Bh3 Rb8 17. Qxc7 h5 18. a4 g5 19. Qc5 g4 20. Bg2 b6 21. Qc7 Rb7 22. Qxd8 Rxd8 23. Rc6 Rbd7 24. Rfc1 Bg5 25. e3 f5 26. h4 Be7 27. e4 f4 28. gxf4 exf4 29. e5 Nf5 30. d6 Bxh4 31. Bd5+ Kf8 32. Be6 Nd4 33. Bxd7 Ne2+ 34. Kf1 Nxc1 35. e6 Nd3 36. Nc4 Bf6 37. Bc8 Nc5 38. b4 Ne4 39. e7+ Bxe7 40. dxe7+ Kxe7 41. Re6+ Kf7 42. Rxe4 Rxc8 43. Rxf4+ Kg6 44. Kg2 Kg5 45. Rd4 h4 46. Ne3 g3 47. fxg3 1-0


[Site "https://www.chess.com"]

[Event "Titled Tuesday Blitz March 14 Early 2023"]
[White "Avazkhonov, Alikhon"]
[Black "Khoroshev, Nikita"]
[WhiteFideId "14208504"]
[BlackFideId "14200287"]
[WhiteElo "1739"]
[BlackElo "2354"]
[Result "0-1"]
[Round "01"]
[TimeControl "180+2"]
[Date "2023.03.14"]
[WhiteClock "0:00:01"]
[BlackClock "0:00:10"]

1. d4 Nf6 2. c4 g6 3. Nc3 Bg7 4. e4 d6 5. f3 e5 6. Nge2 O-O 7. Be3 exd4 8. Nxd4 Nc6 9. Qd2 Nd7 10. O-O-O Nxd4 11. Bxd4 Ne5 12. f4 Nc6 13. Bxg7 Kxg7 14. h4 h5 15. e5 dxe5 16. Qxd8 Rxd8 17. Rxd8 Nxd8 18. fxe5 Be6 19. Nb5 a6 20. Nxc7 Rc8 21. Ne8+ Kf8 22. Nd6 Rc5 23. Bd3 Rxe5 24. b3 Ke7 25. Ne4 a5 26. Kd2 b6 27. Kc3 Nc6 28. Ng5 Bg4 29. a3 f6 30. Ne4 Bf5 31. Re1 Bxe4 32. Rxe4 f5 33. Rf4 Kd6 34. g3 Re3 35. Kc2 Rxg3 0-1


[Site "https://www.chess.com"]

[Event "Titled Tuesday Blitz March 14 Early 2023"]
[White "Costachi, Mihnea"]
[Black "Leve, Nitai"]
[WhiteFideId "1217518"]
[BlackFideId "2006898"]
[WhiteElo "2456"]
[BlackElo "2144"]
[Result "1-0"]
[Round "01"]
[TimeControl "180+2"]
[Date "2023.03.14"]
[WhiteClock "0:01:58"]
[BlackClock "0:02:04"]

1. c4 e5 2. g3 Nf6 3. Bg2 Nc6 4. Nc3 Bb4 5. Nd5 Bc5 6. e3 d6 7. Ne2 Bg4 8. h3 Be6 9. d4 exd4 10. exd4 Bxd5 11. cxd5 Bb4+ 12. Kf1 O-O 13. dxc6 bxc6 14. Bxc6 Rb8 15. Bf3 Re8 16. Kg2 h6 17. Nc3 Bxc3 18. bxc3 Qe7 19. Bc6 Red8 20. Re1 Qf8 21. d5 Nd7 22. Be3 Ne5 23. Bxa7 Rb2 24. Re2 1-0


[Site "https://www.chess.com"]

[Event "Titled Tuesday Blitz March 14 Early 2023"]
[White "Girsh, Daniel"]
[Black "Rakhmatullaev, Almas"]
[WhiteFideId "30949190"]
[BlackFideId "14205793"]
[WhiteElo "2075"]
[BlackElo "2221"]
[Result "1/2-1/2"]
[Round "01"]
[TimeControl "180+2"]
[Date "2023.03.14"]
[WhiteClock "0:00:16"]
[BlackClock "0:00:15"]

1. e4 e5 2. Nf3 Nf6 3. Nxe5 Nxe4 4. Qe2 Qe7 5. Qxe4 d6 6. d4 dxe5 7. dxe5 Nc6 8. Bb5 Bd7 9. O-O O-O-O 10. Re1 Nxe5 11. Bxd7+ Rxd7 12. Nc3 Nc6 13. Bf4 Qxe4 14. Nxe4 Nd4 15. Rac1 Ne6 16. Be3 Bb4 17. c3 Be7 18. f3 Rhd8 19. Nf2 b6 20. Rcd1 Kb7 21. Rxd7 Rxd7 22. Rd1 Rxd1+ 23. Nxd1 Kc6 24. Kf2 Kd5 25. Ke2 f5 26. Kd3 Bd6 27. g3 f4 28. Bf2 Ng5 29. Ke2 c5 30. g4 b5 31. h4 Nf7 32. b3 a6 33. Nb2 Ne5 34. Nd3 Nc6 35. Nb2 Na5 36. Kd3 Be5 37. c4+ Kd6 38. Nd1 Nc6 39. a3 Bd4 40. cxb5 axb5 41. Ke4 Bxf2 42. Nxf2 Nd4 43. b4 Nc2 44. bxc5+ Kxc5 45. Nd3+ Kc4 46. Ne5+ Kc3 47. Nc6 Nxa3 48. Kxf4 Nc4 49. Kf5 b4 50. Nxb4 Kxb4 51. Ke6 Kc5 52. Kf7 Ne5+ 53. Kxg7 Nxf3 54. h5 Nh2 55. g5 Nf3 56. Kf6 Nxg5 57. Kxg5 Kd6 58. Kf6 Kd7 59. Kf7 Kd8 60. h6 Kd7 61. Kg7 Ke7 62. Kg8 Ke8 63. Kxh7 Kf7 64. Kh8 Kf8 65. Kh7 Kf7 66. Kh8 Kf8 67. Kh7 Kf7 1/2-1/2


[Site "https://www.chess.com"]

[Event "Titled Tuesday Blitz March 14 Early 2023"]
[White "EREBUNI91"]
[Black "littlepillow2010"]
[WhiteElo "2753"]
[BlackElo "2386"]
[Result "1-0"]
[Round "01"]
[TimeControl "180+2"]
[Date "2023.03.14"]
[WhiteClock "0:01:37"]
[BlackClock "0:00:01"]

1. e4 c5 2. Nc3 a6 3. g3 b5 4. Bg2 Bb7 5. d3 e6 6. Nh3 Nf6 7. O-O d6 8. f4 Nbd7 9. Be3 Be7 10. Qe2 O-O 11. Rae1 Qc7 12. g4 b4 13. Nd1 g6 14. g5 Nh5 15. Bf3 Ng7 16. Nhf2 d5 17. Ng4 a5 18. e5 c4 19. Nf6+ Bxf6 20. gxf6 Nf5 21. Bg4 Nxe3 22. Qxe3 cxd3 23. cxd3 d4 24. Qh3 Qc6 25. Bf3 Qb6 26. Qh6 1-0


[Site "https://www.chess.com"]

[Event "Titled Tuesday Blitz March 14 Early 2023"]
[White "Shevtchenko, Olesya"]
[Black "Zamorano, Jorge"]
[WhiteFideId "24131890"]
[BlackFideId "173770"]
[WhiteElo "2003"]
[BlackElo "2331"]
[Result "1-0"]
[Round "01"]
[TimeControl "180+2"]
[Date "2023.03.14"]
[WhiteClock "0:00:41"]
[BlackClock "0:00:10"]

1. e4 c5 2. Nf3 d6 3. d4 cxd4 4. Nxd4 Nf6 5. Nc3 a6 6. Nb3 Nc6 7. Be2 g6 8. g4 h6 9. h4 Bg7 10. Be3 b5 11. a3 Bb7 12. f4 b4 13. axb4 Nxb4 14. Bf3 h5 15. g5 Ng4 16. Bxg4 hxg4 17. Ra4 a5 18. Nd4 g3 19. Kf1 Rc8 20. Kg2 e5 21. Ndb5 O-O 22. Kxg3 exf4+ 23. Bxf4 d5 24. exd5 Nxd5 25. Nxd5 Bxd5 26. Re1 Bxb2 27. Nd6 Bc6 28. h5 Bxa4 29. hxg6 Rc3+ 30. Kh4 fxg6 31. Qd5+ Kh7 32. Qb7+ Kg8 33. Qd5+ Kh7 34. Qb7+ Kh8 35. Be5+ 1-0


[Site "https://www.chess.com"]

[Event "Titled Tuesday Blitz March 14 Early 2023"]
[White "Cherniaiev, Tykhon"]
[Black "ArtemDyachuk"]
[WhiteFideId "14182360"]
[WhiteElo "2450"]
[BlackElo "2379"]
[Result "1-0"]
[Round "01"]
[TimeControl "180+2"]
[Date "2023.03.14"]
[WhiteClock "0:00:05"]
[BlackClock "0:00:01"]

1. Nf3 Nf6 2. d4 e6 3. c4 c5 4. g3 cxd4 5. Nxd4 Qc7 6. Qc2 Nc6 7. Nb5 Qb8 8. Bg2 a6 9. N5c3 Bc5 10. O-O h5 11. Bg5 h4 12. e3 hxg3 13. hxg3 Qe5 14. Bxf6 gxf6 15. Nd2 Qh5 16. Rfd1 Ne5 17. Qe4 Rg8 18. Qf4 Bd6 19. Nde4 Be7 20. Nxf6+ Bxf6 21. Qxf6 Ng4 22. Qf3 Rg6 23. Ne4 f5 24. Nd6+ Ke7 25. Rd4 Rh6 26. Nxc8+ Rxc8 27. Rad1 Rc7 28. Rf4 Qe8 29. Rxg4 fxg4 30. Qxg4 Qh5 31. Qd4 e5 32. Qd5 Rhc6 33. c5 Qg6 34. Be4 Qe6 35. Qd3 Rxc5 36. Bf5 Qf6 37. Qe4 Rc4 38. Qf3 Rc1 39. Rxc1 Rxc1+ 40. Kg2 Qh6 41. Bh3 Qf6 42. Qg4 Rc7 43. Qe4 d6 44. Qd5 Qf7 45. Qe4 Rc4 46. Qxb7+ Kf6 47. Qxa6 Qc7 48. Qb5 Rc2 49. Qd5 Qc5 50. Qe6+ Kg7 51. Bf5 Rd2 52. Qe7+ Kg8 53. Be6+ Kh8 54. Qf8+ Kh7 55. Bf5# 1-0


[Site "https://www.chess.com"]

[Event "Titled Tuesday Blitz March 14 Early 2023"]
[White "Kraus, Tomas"]
[Black "Garcia Pantoja, Roberto"]
[WhiteFideId "331708"]
[BlackFideId "3509265"]
[WhiteElo "2389"]
[BlackElo "2544"]
[Result "0-1"]
[Round "01"]
[TimeControl "180+2"]
[Date "2023.03.14"]
[WhiteClock "0:01:49"]
[BlackClock "0:02:04"]

1. e4 c5 2. Nc3 d6 3. f4 g6 4. Nf3 Bg7 5. g3 Nc6 6. Bg2 e6 7. O-O Nge7 8. d3 O-O 9. Be3 Nd4 10. e5 Nxf3+ 11. Qxf3 Nf5 12. Bf2 Rb8 13. Ne4 dxe5 14. fxe5 b6 15. g4 Nd4 16. Qg3 Ne2+ 0-1


[Site "https://www.chess.com"]

[Event "Titled Tuesday Blitz March 14 Early 2023"]
[White "Schmakel, Sam"]
[Black "Mirzanurov, Bulat"]
[WhiteFideId "2039311"]
[BlackFideId "4184521"]
[WhiteElo "2356"]
[BlackElo "2019"]
[Result "1-0"]
[Round "01"]
[TimeControl "180+2"]
[Date "2023.03.14"]
[WhiteClock "0:00:20"]
[BlackClock "0:00:07"]

1. Nf3 d5 2. g3 Nf6 3. Bg2 c6 4. c4 Bg4 5. Ne5 Bf5 6. Qb3 Qb6 7. Qxb6 axb6 8. cxd5 Nxd5 9. Bxd5 cxd5 10. Nc3 e6 11. d3 Bd6 12. Nf3 Nc6 13. O-O Ke7 14. Bd2 f6 15. Nb5 e5 16. Nxd6 Kxd6 17. Rfc1 Be6 18. a3 d4 19. Ne1 Na5 20. Bb4+ Kd7 21. Bxa5 bxa5 22. e3 dxe3 23. fxe3 Rhc8 24. Kf2 Bf5 25. Ke2 Kd6 26. e4 Be6 27. Ke3 Ke7 28. d4 exd4+ 29. Kxd4 Rd8+ 30. Ke3 Rac8 31. Nd3 b6 32. b4 Rxc1 33. Rxc1 Rc8 34. Rxc8 Bxc8 35. bxa5 bxa5 36. Kd4 Kd6 37. e5+ fxe5+ 38. Nxe5 Be6 39. Nc4+ Kc6 40. Nxa5+ Kb5 41. Nb7 Bd7 42. Nc5 Bc6 43. Ne6 Ka4 44. Nxg7 Kxa3 45. Nh5 Kb4 46. Nf6 h6 47. h4 Kb5 48. Ng8 h5 49. Nf6 Bf3 50. Ke3 Bd1 51. Kf4 Kc6 52. Kg5 Kd6 53. Nxh5 Ke7 54. Nf4 Kf7 55. h5 Kg7 56. g4 Kh7 57. Kh4 Kh8 58. g5 Kg7 59. Ng2 Bc2 60. Ne3 Be4 61. Kg4 Kh8 62. Nf5 Bb1 63. g6 Kg8 64. Kg5 Kh8 65. h6 Kg8 66. Ne7+ Kh8 67. g7+ Kh7 68. g8=Q# 1-0


[Site "https://www.chess.com"]

[Event "Titled Tuesday Blitz March 14 Early 2023"]
[White "Tarasova, Viktoriya"]
[Black "Aradhya, Garg"]
[WhiteFideId "4175840"]
[BlackFideId "25006746"]
[WhiteElo "2182"]
[BlackElo "2263"]
[Result "0-1"]
[Round "01"]
[TimeControl "180+2"]
[Date "2023.03.14"]
[WhiteClock "0:00:34"]
[BlackClock "0:01:36"]

1. d4 d5 2. c4 c6 3. Nf3 Nf6 4. Nc3 dxc4 5. a4 Bf5 6. Ne5 e6 7. f3 Bb4 8. Kf2 Bc2 9. Qd2 Bb3 10. e4 c5 11. d5 exd5 12. exd5 O-O 13. Bxc4 Bxc4 14. Nxc4 Bxc3 15. bxc3 Qxd5 16. Qxd5 Nxd5 17. Rd1 Nb6 18. Nd6 Rd8 19. Bf4 Nc6 20. Nxb7 Rxd1 21. Rxd1 Nxa4 22. Ra1 Nxc3 23. Nxc5 Nd5 24. Bd2 h6 25. Na6 Rd8 26. Rc1 Ne5 27. Ra1 Nc4 28. Bc1 Nc3 29. Nb4 Rd1 30. Nc2 a5 31. Bf4 g5 32. Rxd1 Nxd1+ 33. Ke1 gxf4 34. Kxd1 Ne3+ 35. Nxe3 fxe3 36. Ke2 a4 37. Kxe3 a3 0-1


[Site "https://www.chess.com"]

[Event "Titled Tuesday Blitz March 14 Early 2023"]
[White "Tanenbaum, Zachary"]
[Black "Fernandez Siles, Luis"]
[WhiteFideId "2060850"]
[BlackFideId "2209420"]
[WhiteElo "2175"]
[BlackElo "2186"]
[Result "1-0"]
[Round "01"]
[TimeControl "180+2"]
[Date "2023.03.14"]
[WhiteClock "0:00:59"]
[BlackClock "0:00:06"]

1. e4 c5 2. Nf3 Nc6 3. Nc3 g6 4. d4 cxd4 5. Nxd4 Bg7 6. Be3 Nf6 7. Bc4 O-O 8. Bb3 d6 9. h3 Bd7 10. O-O Rc8 11. f4 a6 12. f5 Ne5 13. Qd2 Nc4 14. Bxc4 Rxc4 15. Nd5 Nxd5 16. exd5 Rc5 17. Nb3 Rc4 18. fxg6 hxg6 19. Bd4 Qc8 20. c3 a5 21. Rae1 a4 22. Bxg7 Kxg7 23. Nd4 Qd8 24. Qe2 e5 25. Qxc4 1-0


[Site "https://www.chess.com"]

[Event "Titled Tuesday Blitz March 14 Early 2023"]
[White "Bennett, Patrick"]
[Black "De Silva, L M S T"]
[WhiteFideId "1801228"]
[BlackFideId "9953698"]
[WhiteElo "2370"]
[BlackElo "2403"]
[Result "0-1"]
[Round "01"]
[TimeControl "180+2"]
[Date "2023.03.14"]
[WhiteClock "0:01:12"]
[BlackClock "0:02:20"]

1. d4 Nf6 2. Bg5 e6 3. Nd2 h6 4. Bh4 g5 5. Bg3 Bg7 6. e4 d6 7. Bd3 b6 8. Ne2 Bb7 9. f4 Nh5 10. O-O Nxg3 11. Nxg3 Bxd4+ 12. Kh1 gxf4 13. Rxf4 Nd7 14. Qf3 Ne5 15. Qh5 Qg5 16. Raf1 Be3 17. Bb5+ c6 18. Rf6 Qxh5 19. Nxh5 Bxd2 0-1


[Site "https://www.chess.com"]

[Event "Titled Tuesday Blitz March 14 Early 2023"]
[White "Rohith Krishna S"]
[Black "Fathy, Elameir"]
[WhiteFideId "46617051"]
[BlackFideId "10600396"]
[WhiteElo "2270"]
[BlackElo "2311"]
[Result "1-0"]
[Round "01"]
[TimeControl "180+2"]
[Date "2023.03.14"]
[WhiteClock "0:01:37"]
[BlackClock "0:00:19"]

1. e4 c6 2. Nf3 d5 3. e5 Bf5 4. d4 e6 5. Bd3 Bxd3 6. Qxd3 c5 7. c3 Nd7 8. O-O Ne7 9. Bg5 Qc7 10. Nbd2 Nc6 11. a3 Be7 12. h4 h6 13. Bxe7 Nxe7 14. b4 b6 15. a4 O-O-O 16. bxc5 bxc5 17. Rfb1 c4 18. Qc2 Nc6 19. a5 f6 20. exf6 gxf6 21. Qa4 e5 22. dxe5 Ndxe5 23. Qb5 Rhg8 24. Qa6+ 1-0


[Site "https://www.chess.com"]

[Event "Titled Tuesday Blitz March 14 Early 2023"]
[White "Alahakoon, Isuru"]
[Black "Fernandez Guillen, Ernesto J."]
[WhiteFideId "9900993"]
[BlackFideId "3512428"]
[WhiteElo "1995"]
[BlackElo "2423"]
[Result "0-1"]
[Round "01"]
[TimeControl "180+2"]
[Date "2023.03.14"]
[WhiteClock "0:00:20"]
[BlackClock "0:00:28"]

1. Nf3 Nf6 2. d4 g6 3. Nc3 d5 4. Bf4 Bg7 5. e3 O-O 6. Nb5 Na6 7. h4 h5 8. Be2 c6 9. Nc3 Bg4 10. Ne5 Bxe2 11. Qxe2 Qc8 12. O-O-O b5 13. f3 b4 14. Nb1 c5 15. g4 hxg4 16. fxg4 cxd4 17. exd4 Ne4 18. h5 g5 19. h6 Bf6 20. Bh2 Rb8 21. Nd2 b3 22. axb3 Nxd2 23. Rxd2 Rxb3 24. Kb1 Rb6 25. h7+ Kh8 26. Nd3 Qc3 27. Be5 Nc7 28. Bxf6+ exf6 29. Qe7 Rfb8 30. b3 Qxd2 31. Qxc7 Rxb3+ 32. cxb3 Qxd3+ 33. Qc2 Rxb3+ 34. Kc1 Rc3 0-1


[Site "https://www.chess.com"]